 Dungeon Crawl Stone Soup version 0.27-a0-1193-g8631133539 (webtiles) character file.

Game seed: 2443567909508281230

19205 spiderkeys the Placeless Octopus (level 12, -6/74 HPs)
             Began as an Octopode Conjurer on May 26, 2021.
             Was an Initiate of Gozag.
             Mangled by a boulder beetle (20 damage)
             ... on level 12 of the Dungeon.
             The game lasted 00:48:31 (15457 turns).

spiderkeys the Placeless Octopus (OpCj)            Turns: 15457, Time: 00:48:31

Health: -6/74      AC:  3    Str:  7    XL:     12   Next: 66%
Magic:  12/26      EV: 17    Int: 25    God:    Gozag
Gold:   2183       SH:  0    Dex: 10    Spells: 14/32 levels left

rFire    . . .     SeeInvis +   r - +1 dagger (elec)
rCold    . . .     Faith    .   (no shield)
rNeg     + + .     Spirit   .   b - +2 hat
rPois    .         Reflect  .   P - amulet of magic regeneration
rElec    .         Harm     .   N - ring of positive energy
rCorr    .         Rampage  .   E - +4 ring of evasion
Will     .....                  v - ring of see invisible
Stlth    +++.......             n - ring of positive energy
HPRegen  0.22/turn              (no ring)
MPRegen  0.45/turn              (no ring)
                                (no ring)
                                (no ring)

@: no status effects
A: almost no armour, amphibious, 8 rings, camouflage 1, gelatinous body 1,
(nimble swimmer 1), tentacles
a: Renounce Religion, Potion Petition, Call Merchant, Bribe Branch


You were on level 12 of the Dungeon.
You worshipped Gozag.
Gozag was most pleased with you.
You visited 2 branches of the dungeon, and saw 13 of its levels.

You collected 2399 gold pieces.
You paid 216 gold pieces to Gozag.


Innate Abilities, Weirdness & Mutations

You cannot wear most types of armour.
You are amphibious.
You can wear up to eight rings at the same time.
Your skin changes colour to match your surroundings (Stealth+).
Your rubbery body absorbs attacks. (AC +1, EV +1)
((You are camouflaged near water. (Stealth+)))
You have tentacles for arms and can constrict up to eight enemies at once.


   Skills:
 + Level 3.8 Fighting
 - Level 2.0 Dodging
 - Level 2.6 Stealth
 + Level 10.6 Spellcasting
 - Level 11.1 Conjurations
 - Level 5.3 Hexes
 - Level 11.2 Translocations
 + Level 3.8 Ice Magic


You had 14 spell levels left.
You knew the following spells:

 Your Spells              Type           Power      Damage    Failure   Level
a - Apportation           Tloc           100%       N/A       1%          1
c - Mephitic Cloud        Conj/Pois/Air  31%        N/A       3%          3
f - Fulminant Prism       Conj/Hex       26%        3d14      1%          4
m - Magic Dart            Conj           100%       1d8       1%          1
o - Ozocubu's Armour      Ice            32%        N/A       2%          3
s - Searing Ray           Conj           100%       3d7       1%          2
X - Iskenderun's Mystic   Conj/Tloc      62%        2d13      1%          4

Your spell library contained the following spells:

 Spells                   Type           Power      Damage    Failure   Level
 Corona                   Hex            44%        N/A       1%          1
 Freeze                   Ice            100%       1d11      1%          1
 Conjure Flame            Conj/Fire      41%        6-21      1%          3
 Dazzling Flash           Conj/Hex       100%       N/A       1%          3
 Frozen Ramparts          Ice            64%        1d8       2%          3
 Hailstorm                Conj/Ice       50%        3d11      2%          4
 Animate Skeleton         Necr           26%        N/A       4%          1
 Summon Small Mammal      Summ           52%        N/A       4%          1
 Poisonous Vapours        Pois/Air       26%        N/A       7%          2
 Metabolic Englaciation   Hex/Ice        18%        N/A       19%         5
 Freezing Cloud           Conj/Ice/Air   19%        6-21      67%         6

Inventory:

Hand Weapons
 r - a +1 dagger of electrocution (weapon)
   (You took it off an orc on level 6 of the Dungeon)
 L - a +4 antimagic dagger
   (You took it off Maurice on level 11 of the Dungeon)
Missiles
 a - 317 stones
 d - 34 poisoned darts
 e - 5 datura-tipped darts
 m - 14 boomerangs
 u - 6 throwing nets {=f!f}
 O - 5 curare-tipped darts {=f}
Armour
 b - a +2 hat (worn)
   (You found it on level 8 of the Dungeon)
Jewellery
 n - a ring of positive energy (on tentacle)
   (You found it on level 10 of the Dungeon)
 v - a ring of see invisible (on tentacle)
   (You found it on level 11 of the Dungeon)
 E - a +4 ring of evasion (right tentacle)
   (You found it on level 4 of the Dungeon)
 N - a ring of positive energy (left tentacle)
   (You found it on level 2 of the Dungeon)
 P - an amulet of magic regeneration (around mantle)
   (You found it on level 8 of the Dungeon)
Wands
 w - a wand of flame (7)
   (You took it off Pikel on level 7 of the Dungeon)
 K - a wand of polymorph (14)
   (You found it on level 10 of the Dungeon)
 M - a wand of digging (2)
   (You took it off Maurice on level 11 of the Dungeon)
Scrolls
 f - a scroll of immolation {!r!r}
 h - a scroll of fog
 j - 4 scrolls of amnesia
 t - 3 scrolls of teleportation {@r4}
 y - 2 scrolls of enchant armour
 z - a scroll of vulnerability {!r!r}
 A - a scroll of silence {!r}
 B - a scroll of blinking {!r}
Potions
 g - a potion of might {unknown}
 i - a potion of degeneration {unknown}
 l - a potion of haste {@q3}
 o - 2 potions of brilliance {unknown}
 p - 3 potions of ambrosia
 q - a potion of flight {unknown}
 s - 3 potions of attraction {unknown}
 D - 3 potions of curing {@q1}
 F - a potion of lignification {unknown}
 H - a potion of mutation {unknown}
 I - a potion of resistance {unknown}
 J - a potion of experience {unknown}

Dungeon Overview and Level Annotations

Branches:
Dungeon (12/15)            Temple (1/1) D:7            Lair (0/6) D:11
    Orc (0/2) D:10

Altars:
Ashenzari
Cheibriados
Dithmenos
Elyvilon
Fedhas
Gozag
Hepliaklqana
Kikubaaqudgha
Makhleb
Nemelex Xobeh
Okawaru
Qazlal
Ru
Sif Muna
Trog
Uskayaw
Vehumet
Wu Jian
Xom
Yredelemnul
Zin
The Shining One

Shops:
D:1 ?

Portals:
Abyss: D:12

Annotations:
D:11 2 transporters, HilariousDeathArtist's ghost, journeyman VSNe
D:12 dickylongcocking's ghost, journeyman DjFE

#.. #..##.#
##..##.....#
#../.......#..
#..........'..
##..##...#####
#######...#
#....=.°..#..
..#.....B...z...
..'....@..$.#....
..#......$..#..z.
##..###$..# #.#
#..###T.O##### #
....#........ .'
$.... ........ ..
..###. #....## .#
..
#.###...$###..###
#................


You could see a boulder beetle, a skeletal warrior, a two-headed ogre and a
troll.


Message History

😎 MP[+6]
Your mp is fully restored (26).
There is an escape hatch in the ceiling here.
A boulder beetle is nearby!
That's the wrong kind of item! (Use * to select it.) Fire/throw which item? (* to show all) (? for menu, Esc to quit)
Okay, then.
Okay, then.
Casting: Searing Ray (safe; 1% risk of failure)
Confirm with . or Enter, or press ? or * to list all spells.
Okay, then.
Casting: Searing Ray (safe; 1% risk of failure)
Confirm with . or Enter, or press ? or * to list all spells.
You can't see any susceptible monsters within range! (Use Z to cast anyway.) Unknown command.
Casting: Searing Ray (safe; 1% risk of failure)
Confirm with . or Enter, or press ? or * to list all spells.
Aiming: Mephitic Cloud (dangerous; 3% risk of failure)
Press: ? - help, Shift-Dir - straight line
Okay, then.
Okay, then.
Casting: Mephitic Cloud (dangerous; 3% risk of failure)
Confirm with . or Enter, or press ? or * to list all spells.
Aiming: Fulminant Prism (dangerous; 1% risk of failure)
Press: ? - help, Dir - move target You conjure a prism of explosive energy!
A fulminant prism comes into view.
The boulder beetle curls into a ball and begins rolling! 😎 MP[-4]
You lost 4 mp, and now have 22/26 mp.
The boulder beetle becomes distracted by the nearby gold, dreaming of imaginary riches.
Your fulminant prism crackles loudly. 😎 MP[+1]
You hear two shouts!
You hear a shout!
Casting: Fulminant Prism (dangerous; 1% risk of failure)
Confirm with . or Enter, or press ? or * to list all spells.
Aiming: Fulminant Prism (dangerous; 1% risk of failure)
Press: ? - help, Dir - move target You conjure a prism of explosive energy!
A fulminant prism comes into view. 😎 MP[-3]
You lost 3 mp, and now have 20/26 mp.
The boulder beetle is no longer distracted by gold.
Your fulminant prism crackles loudly.
Casting: Fulminant Prism (dangerous; 1% risk of failure)
Confirm with . or Enter, or press ? or * to list all spells.
Aiming: Searing Ray (safe; 1% risk of failure)
Press: ? - help, Shift-Dir - straight line, f - boulder beetle
Aim: a boulder beetle (rolling, ally target, 100% to hit)
The searing ray hits the boulder beetle but does no damage. (Press . to maintain the ray.)
The blast of energy engulfs the boulder beetle!!
You hear a shout! 😎 MP[-1]
You lost 1 mp, and now have 19/26 mp.
The searing ray hits the boulder beetle!
The boulder beetle completely misses you.
The boulder beetle stops rolling and uncurls. 😎 MP[-1]
You lost 1 mp, and now have 18/26 mp.
The searing ray hits the boulder beetle but does no damage.
The boulder beetle becomes distracted by the nearby gold, dreaming of imaginary riches. 😎 MP[-1]
You lost 1 mp, and now have 17/26 mp.
The searing ray hits the boulder beetle but does no damage.
The boulder beetle is no longer distracted by gold.
You finish channeling your searing ray.
The boulder beetle misses you.
Casting: Searing Ray (safe; 1% risk of failure)
Confirm with . or Enter, or press ? or * to list all spells.
You erupt in a blast of force!
The mystic blast hits the boulder beetle!
The boulder beetle misses you. 😎 MP[-4]
You lost 4 mp, and now have 13/26 mp.
Casting: Iskenderun's Mystic Blast (mildly dangerous; 1% risk of failure)
Confirm with . or Enter, or press ? or * to list all spells.
You erupt in a blast of force!
The mystic blast hits the boulder beetle but does no damage.
The boulder beetle barely misses you. 😎 MP[-3]
You lost 3 mp, and now have 10/26 mp.
The boulder beetle bites you!
A troll comes into view. 😕 HP[-7]
You take 7 damage, and now have 67/74 hp.
A two-headed ogre comes into view. It is wielding two +0 giant clubs.
The boulder beetle curls into a ball and begins rolling! 😕 MP[+1]
The boulder beetle hits you!!!
Ouch! That really hurt!
* * * LOW HITPOINT WARNING * * *
The boulder beetle stops rolling and uncurls.
The troll shouts!
There is a stone staircase leading up, spattered with blood here. 😱 HP[-53]
You take 53 damage, and now have 14/74 hp.
MASSIVE DAMAGE!! (PAUSE)
The boulder beetle bites you!!
You die...
Your body crumbles into a pile of gold.

Skill      XL: |  1  2  3  4  5  6  7  8  9 10 11 12 |
---------------+-------------------------------------+-----
Conjurations   | 5 6 7 9 10 11 | 11.1
Spellcasting   | 3 4 5 7 9 10 | 10.6
Hexes          | 5 |  5.3
Translocations | 5 10 11 | 11.2
Fighting       | 3 |  3.8
Ice Magic      | 3 |  3.8
Dodging        | |  2.0
Stealth        | |  2.6

Action                   |  1- 3 |  4- 6 |  7- 9 | 10-12 || total
-------------------------+-------+-------+-------+-------++-------
Melee: Unarmed           |    17 |     2 |       |       ||    19
       Constrict         |     3 |     1 |     5 |     1 ||    10
       Tentacles         |     2 |     1 |     2 |     1 ||     6
       Dagger            |       |       |    20 |     8 ||    28
Throw: Throwing net      |       |       |       |     1 ||     1
 Cast: Magic Dart        |    76 |    92 |   130 |   176 ||   474
       Searing Ray       |       |     8 |    37 |    61 ||   106
       Fulminant Prism   |       |       |     5 |     7 ||    12
       Iskenderun's Myst |       |       |       |    54 ||    54
  Use: Scroll            |     3 |     3 |     3 |     8 ||    17
       Potion            |       |       |       |     4 ||     4
Armor: Skin              |     5 |     1 |     4 |    14 ||    24
Dodge: Dodged            |    27 |    19 |    60 |   101 ||   207

Levels and vault maps discovered:
D:1:      dpeg_arrival_pits, layout_basic, serial_shops, shop_statue
D:2:      layout_rooms, hellmonk_ecumenical_altar_heavens_door, uniq_jessica
D:3:      layout_loops_ring
D:4:      layout_rooms, minmay_overflow_temple_star_quad,
          overflow_temple_1_default, serial_corexii_hall,
          corexii_hall_statues_u, corexii_hall_statues_deadend,
          corexii_hall_statues_deadend, corexii_hall_statues_i,
          chequers_hall_statues_wall_a, corexii_hall_statues_x
D:5:      layout_loops_ring, nicolae_dithmenos_the_darkroom,
          hangedman_decor_lopped, roderic_roman_lattice
D:6:      minmay_bubble_buster, layout_loops_ring,
          lemuel_coloured_pillars_altar, uniq_blork_the_orc
D:7:      layout_gridville, minmay_temple_entry_trees,
          kennysheep_generic_room_13, uniq_pikel
D:8:      layout_rooms, chequers_arboretum, uniq_harold
D:9:      layout_roguey
D:10:     layout_irregular_city, nicolae_gozag_cash_rules_everything_around_me,
          orc_0_dummy
D:11:     layout_cave_pods, lair_entry_dummy, gammafunk_ghost_wrathful_warriors,
          uniq_maurice, uniq_sonja, uniq_nergalle
D:12:     layout_gridville, gammafunk_ghost_abyssal_escape, serial_shops, shop
Temple:   regret_index_temple_generic_petals

Notes
Turn   | Place    | Note
-------+----------+-------------------------------------------
     0 | D:1      | spiderkeys the Octopode Conjurer began the quest for the
                  | Orb.
     0 | D:1      | Reached XP level 1. HP: 11/11 MP: 3/3
     0 | D:1      | magus.rc [v1.9.10]
   200 | D:1      | Reached XP level 2. HP: 10/17 MP: 1/5
   886 | D:1      | Found Mieweiv's Magic Scroll Emporium.
   890 | D:1      | Learned a level 2 spell: Searing Ray
  1007 | D:1      | Reached XP level 3. HP: 11/21 MP: 0/6
  1654 | D:2      | Reached skill level 5 in Conjurations
  1880 | D:2      | Reached XP level 4. HP: 22/27 MP: 3/8
  1935 | D:2      | Noticed Jessica
  1946 | D:2      | Learned a level 4 spell: Fulminant Prism
  1952 | D:2      | Killed Jessica
  2239 | D:2      | Reached skill level 3 in Spellcasting
  2528 | D:2      | Found a faded altar of an unknown god.
  2692 | D:3      | Reached XP level 5. HP: 31/31 MP: 2/9
  3439 | D:4      | Found a white marble altar of Elyvilon.
  3504 | D:4      | You pick up a book of Frost and begin reading...
  3504 | D:4      | You add the spells Freeze, Frozen Ramparts, Ozocubu's
                  | Armour, Hailstorm and Metabolic Englaciation to your
                  | library.
  3704 | D:4      | Noticed a necrophage
  3714 | D:4      | Killed a necrophage
  3715 | D:4      | Reached skill level 6 in Conjurations
  3715 | D:4      | Reached XP level 6. HP: 19/36 MP: 1/11
  3910 | D:4      | Reached skill level 4 in Spellcasting
  3910 | D:4      | Noticed a black bear
  4001 | D:4      | HP: 5/36 [black bear (5)]
  4002 | D:4      | Killed a black bear
  4464 | D:4      | Reached XP level 7. HP: 41/41 MP: 6/13
  4659 | D:4      | Found a hazy altar of Hepliaklqana.
  4663 | D:4      | Found an ornate altar of the Wu Jian Council.
  4666 | D:4      | Found a shimmering altar of Xom.
  4892 | D:5      | Entered Level 5 of the Dungeon
  4954 | D:5      | Learned a level 4 spell: Iskenderun's Mystic Blast
  5021 | D:5      | Reached skill level 7 in Conjurations
  5199 | D:5      | Reached skill level 5 in Spellcasting
  5533 | D:5      | Found a shadowy altar of Dithmenos.
  6012 | D:6      | Reached XP level 8. HP: 46/46 MP: 8/16
  6468 | D:6      | Reached skill level 6 in Spellcasting
  6468 | D:6      | Reached skill level 8 in Conjurations
  6810 | D:6      | Reached skill level 7 in Spellcasting
  6810 | D:6      | Reached skill level 9 in Conjurations
  7012 | D:6      | Noticed Blork the orc
  7021 | D:6      | Killed Blork the orc
  7022 | D:6      | Reached XP level 9. HP: 51/51 MP: 9/19
  7102 | D:6      | Found an ancient bone altar of Kikubaaqudgha.
  7436 | D:7      | Found a staircase to the Ecumenical Temple.
  7451 | Temple   | Entered the Ecumenical Temple
  8342 | D:7      | Reached skill level 8 in Spellcasting
  8556 | D:7      | Reached skill level 10 in Conjurations
  9152 | D:7      | Noticed Pikel
  9416 | D:7      | Killed Pikel
  9417 | D:7      | Reached skill level 9 in Spellcasting
  9417 | D:7      | Reached XP level 10. HP: 47/56 MP: 16/23
  9633 | D:7      | Reached skill level 11 in Conjurations
  9971 | D:8      | Noticed Harold
 10264 | D:8      | Reached skill level 1 in Hexes
 10264 | D:8      | Reached skill level 1 in Translocations
 10342 | D:8      | Killed Harold
 10343 | D:8      | Reached skill level 2 in Hexes
 10343 | D:8      | Reached skill level 2 in Translocations
 10650 | D:8      | Reached skill level 3 in Hexes
 10650 | D:8      | Reached skill level 3 in Translocations
 10681 | D:8      | Identified a scroll of acquirement
 10682 | D:8      | Acquired 887 gold pieces
 10999 | D:9      | Reached skill level 4 in Hexes
 10999 | D:9      | Reached skill level 4 in Translocations
 11181 | D:9      | HP: 10/56 [centaur/arrow (15)]
 11187 | D:9      | HP: 8/56 [centaur/arrow (3)]
 11803 | D:10     | Entered Level 10 of the Dungeon
 11885 | D:10     | Found an opulent altar of Gozag.
 11891 | D:10     | Became a worshipper of Gozag Ym Sagoz the Greedy
 12068 | D:10     | Reached skill level 5 in Hexes
 12068 | D:10     | Reached skill level 5 in Translocations
 12088 | D:10     | Reached XP level 11. HP: 39/61 MP: 14/24
 12252 | D:10     | You pick up a book of Cantrips and begin reading...
 12252 | D:10     | You add the spells Corona, Animate Skeleton, Summon Small
                  | Mammal and Apportation to your library.
 12255 | D:10     | Learned a level 1 spell: Apportation
 12494 | D:10     | Noticed a two-headed ogre
 12501 | D:10     | Killed a two-headed ogre
 12502 | D:10     | Reached skill level 6 in Translocations
 12689 | D:10     | Found a staircase to the Orcish Mines.
 12702 | D:10     | Reached skill level 10 in Spellcasting
 13081 | D:11     | Reached skill level 7 in Translocations
 13090 | D:11     | Noticed Nergalle
 13110 | D:11     | Killed Nergalle
 13111 | D:11     | Reached skill level 8 in Translocations
 13451 | D:11     | Reached skill level 9 in Translocations
 13833 | D:11     | Noticed Maurice
 13843 | D:11     | Killed Maurice
 13844 | D:11     | Reached skill level 10 in Translocations
 13870 | D:11     | Found a staircase to the Lair.
 13870 | D:11     | Noticed a two-headed ogre
 13878 | D:11     | Killed a two-headed ogre
 13879 | D:11     | Reached XP level 12. HP: 66/66 MP: 16/26
 13947 | D:11     | Noticed Sonja
 13958 | D:11     | Killed Sonja
 14006 | D:11     | Noticed HilariousDeathArtist's ghost (journeyman VSNe)
 14007 | D:11     | Noticed a tengu warrior
 14007 | D:11     | Found a bloodstained altar of Trog.
 14007 | D:11     | Found a transporter.
 14027 | D:11     | Found a transporter.
 14053 | D:11     | You pick up a book of Clouds and begin reading...
 14053 | D:11     | You add the spells Poisonous Vapours, Mephitic Cloud,
                  | Conjure Flame and Freezing Cloud to your library.
 14114 | D:11     | Reached skill level 11 in Translocations
 14566 | D:11     | Learned a level 3 spell: Ozocubu's Armour
 14570 | D:11     | Learned a level 3 spell: Mephitic Cloud
 14670 | D:11     | Reached skill level 1 in Fighting
 14670 | D:11     | Reached skill level 1 in Ice Magic
 14684 | D:11     | Reached skill level 2 in Fighting
 14684 | D:11     | Reached skill level 2 in Ice Magic
 14944 | D:12     | Found a one-way gate to the infinite horrors of the Abyss.
 14944 | D:12     | Noticed dickylongcocking's ghost (journeyman DjFE)
 14997 | D:12     | Noticed a boulder beetle
 15174 | D:12     | Noticed an eight-headed hydra
 15178 | D:12     | Noticed a two-headed ogre
 15180 | D:12     | Killed an eight-headed hydra
 15181 | D:12     | Reached skill level 3 in Fighting
 15181 | D:12     | Reached skill level 3 in Ice Magic
 15189 | D:12     | Killed a two-headed ogre
 15455 | D:12     | Noticed a two-headed ogre
 15456 | D:12     | HP: 14/74 [boulder beetle (54)]
 15457 | D:12     | Mangled by a boulder beetle

Vanquished Creatures
  Harold (D:8)
  A hydra (D:12)
  3 two-headed ogres
  Sonja (D:11)
  Nergalle (D:11)
  2 skeletal warriors (D:11)
  Pikel (D:7)
  An ugly thing (D:12)
  Maurice (D:11)
  3 centaur zombies
  A kobold demonologist (D:10)
  An efreet (D:12)
  A komodo dragon (D:10)
  2 trolls
  3 slime creatures
  2 vampires
  2 wraiths
  2 wyverns
  25 yaks
  3 steam dragons
  4 vampire mosquitoes (D:12)
  An acid dragon (D:11)
  3 water moccasins
  3 orc warriors
  A sky beast (D:6)
  4 black bears
  3 necrophages
  3 centaurs
  An ogre (D:7)
  2 kobold brigands
  2 phantoms (D:6)
  Blork the orc (D:6)
  A bullfrog (D:8)
  A gnoll sergeant (D:9)
  A scorpion (D:7)
  2 wyvern zombies (D:7)
  14 killer bees
  A water moccasin skeleton (D:5)
  8 wights
  4 howler monkeys
  A bullfrog zombie (D:5)
  3 jellies
  2 hounds
  2 orc priests
  Jessica (D:2)
  5 iguanas
  6 orc wizards
  A killer bee zombie (D:6)
  A howler monkey zombie (D:8)
  5 gnolls
  10 adders
  A shadow imp (D:6)
  A white imp (D:7)
  A worm (D:2)
  4 dart slugs
  20 orcs
  5 endoplasms
  A giant cockroach (D:1)
  10 hobgoblins
  4 jackals (D:3)
  18 kobolds
  2 quokkas
  3 ball pythons
  10 bats
  3 frilled lizards
  11 goblins
  7 rats
255 creatures vanquished.

Vanquished Creatures (others)
  12 fulminant prisms
12 creatures vanquished.

Grand Total: 267 creatures vanquished

Table legend:
 A = Non-vault XP
 B = Vault XP
 C = Vault XP percentage of total XP
 D = Non-vault monster count
 E = Vault monster count
 F = Vault count percentage of total count
                 A         B        C        D         E       F
            +---------+---------+-------+---------+---------+-------
      Total |   22769 |    4668 |  17.0 |     236 |      19 |   7.5
            +---------+---------+-------+---------+---------+-------
        D:1 |      56 |       0 |   0.0 |      28 |       0 |   0.0
        D:2 |      63 |      37 |  37.0 |      20 |       1 |   4.8
        D:3 |      69 |       0 |   0.0 |      21 |       0 |   0.0
        D:4 |     446 |       0 |   0.0 |      15 |       0 |   0.0
        D:5 |     230 |       0 |   0.0 |       3 |       0 |   0.0
        D:6 |     800 |     878 |  52.3 |      14 |      12 |  46.2
        D:7 |    1496 |     674 |  31.1 |      28 |       2 |   6.7
        D:8 |    1298 |    1023 |  44.1 |      20 |       1 |   4.8
        D:9 |    1232 |       0 |   0.0 |      25 |       0 |   0.0
       D:10 |    3680 |       0 |   0.0 |      20 |       0 |   0.0
       D:11 |    8422 |    2056 |  19.6 |      31 |       3 |   8.8
       D:12 |    4977 |       0 |   0.0 |      11 |       0 |   0.0
            +---------+---------+-------+---------+---------+-------

Illustrated notes

Table legend:
 A = Kills in this place as a percentage of kills in entire the game.
 B = Kills by you in this place as a percentage of kills by you in the entire game.
 C = Kills by friends in this place as a percentage of kills by friends in the entire game.
 D = Other kills in this place as a percentage of other kills in the entire game.
 E = Experience gained in this place as a percentage of experience gained in the entire game.
 F = Experience gained in this place divided by the number of levels of this place that you have seen.
                   A       B       C       D       E      F
               +-------+-------+-------+-------+-------+----------------------
         Total | 100.0 | 100.0 |   N/A |   N/A | 100.0 | 2110.5
       Dungeon | 100.0 | 100.0 |   N/A |   N/A | 100.0 | 2286.4
               +-------+-------+-------+-------+-------+----------------------

Table legend: (Time is in decaauts)
 A = Elapsed time spent in this place.
 B = Non-inter-level travel time spent in this place.
 C = Inter-level travel time spent in this place.
 D = Time resting spent in this place.
 E = Time spent auto-exploring this place.
 F = Levels seen in this place.
 G = Mean time per level.
                   A        B        C        D        E       F      G
               +--------+--------+--------+--------+--------+-----+--------+
         Total |  15465 |  14896 |    569 |   2043 |  11050 |  13 | 1189.6 |
       Dungeon |  15079 |  14555 |    524 |   1927 |  10826 |  12 | 1256.6 |
        Temple |    386 |    341 |     45 |    116 |    224 |   1 |  386.0 |
               +--------+--------+--------+--------+--------+-----+--------+

Top non-repeatable levels by time:
    D:11: 2126 daAuts
     D:6: 2032 daAuts
     D:1: 1686 daAuts
     D:7: 1494 daAuts
    D:10: 1254 daAuts
     D:3: 1181 daAuts
     D:4: 1146 daAuts
     D:9: 1085 daAuts
     D:8: 1085 daAuts
     D:2: 878 daAuts
     D:5: 832 daAuts
  Temple: 386 daAuts
    D:12: 274 daAuts
